General information
- name: BNet
- type: Ladder team game (AT/RT)
- host: Battle.net
- saver: LadyGagaIsDaMan
map: FullScaleAssault
- players: 8
- length: 77:39
- speed: Fast
- version: 1.26 W3XP
- replay type: Public
» download(507 KB)
Players
team 1 (winner)
tunga15 (
green | 187 APM | 12057 actions | 64:34)
7 Pandaren Brewmaster
3 Breath of Fire
3 Drunken Haze
1 Storm Earth and Fire
6 Naga Sea Witch
3 Forked Lightning
2 Frost Arrows
1 Tornado
» actions
| Assign group hotkey | 31 | |
| Basic commands | 27 | |
| Build / train | 179 | |
| ESC pressed | 5 | |
| Enter build submenu | 28 | |
| Enter hero's abilities submenu | 13 | |
| Give item / drop item | 26 | |
| Right click | 4653 | |
| Select / deselect | 1167 | |
| Select group hotkey | 5538 | |
| Use ability | 390 | |
12057 total
» units
| Wisp | 45 | |
| Archer | 9 | |
| Druid of the Talon | 13 | |
| Dryad | 9 | |
| Goblin Zeppelin | 11 | |
87 total
» upgrades
| Improved Bows | 1 | |
| Druid of the Talon Training | 2 | |
| Abolish Magic | 1 | |
| Ultravision | 1 | |
| Nature's Blessing | 1 | |
| Strength of the Wild | 1 | |
| Mark of the Talon | 1 | |
8 total
» buildings
| Moon Well | 9 | |
| Ancient of War | 1 | |
| Altar of Elders | 2 | |
| Tree of Ages | 2 | |
| Hunter's Hall | 1 | |
| Ancient of Wonders | 1 | |
| Ancient of Wind | 1 | |
| Ancient of Lore | 1 | |
| Tree of Life | 4 | |
| Tree of Eternity | 3 | |
| Ancient Protector | 6 | |
31 total
» build order
00:19 Moon Well
00:21 Moon Well
00:31 Ancient of War
01:13 Moon Well
01:16 Altar of Elders
02:54 Tree of Ages
02:55 Tree of Ages
03:32 Moon Well
04:49 Hunter's Hall
04:57 Ancient of Wonders
05:37 Ancient of Wind
06:00 Ancient of Lore
06:05 Moon Well
08:37 Tree of Life
09:08 Moon Well
09:47 Tree of Eternity
09:47 Tree of Eternity
12:40 Ancient Protector
13:44 Ancient Protector
13:45 Ancient Protector
13:46 Ancient Protector
14:18 Ancient Protector
14:20 Ancient Protector
26:14 Tree of Life
29:27 Tree of Life
35:34 Moon Well
37:28 Moon Well
37:29 Moon Well
48:05 Tree of Life
52:45 Altar of Elders
» items
| Boots of Speed | 2 | |
| Lesser Clarity Potion | 11 | |
| Healing Salve | 4 | |
| Potion of Healing | 9 | |
| Scroll of Town Portal | 8 | |
| Potion of Mana | 10 | |
| Orb of Venom | 1 | |
| Staff of Teleportation | 1 | |
| Potion of Lesser Invulnerability | 1 | |
47 total
BrycE. (
orange | 50 APM | 1711 actions | 34:32)
3 Death Knight
2 Death Coil
1 Unholy Aura
2 Lich
1 Frost Nova
1 Frost Armor
1 Dark Ranger
1 Black Arrow
» actions
| Assign group hotkey | 31 | |
| Basic commands | 110 | |
| Build / train | 85 | |
| ESC pressed | 4 | |
| Enter build submenu | 35 | |
| Enter hero's abilities submenu | 6 | |
| Give item / drop item | 4 | |
| Right click | 736 | |
| Select / deselect | 381 | |
| Select group hotkey | 233 | |
| Use ability | 86 | |
1711 total
» units
| Acolyte | 17 | |
| Ghoul | 3 | |
| Crypt Fiend | 4 | |
| Goblin Zeppelin | 5 | |
| Goblin Shredder | 1 | |
| Frost Wyrm | 2 | |
| Demolisher | 8 | |
| Grunt | 3 | |
| Troll Witch Doctor | 1 | |
| Shaman | 2 | |
| Raider | 3 | |
49 total
» upgrades
| Creature Attack | 2 | |
| Destroyer Form | 1 | |
| Web | 1 | |
| Creature Carapace | 1 | |
5 total
» buildings
| Necropolis | 2 | |
| Halls of the Dead | 4 | |
| Altar of Darkness | 1 | |
| Graveyard | 1 | |
| Crypt | 1 | |
| Tomb of Relics | 1 | |
| Ziggurat | 9 | |
| Black Citadel | 1 | |
| Sacrificial Pit | 1 | |
| Slaughterhouse | 1 | |
| Boneyard | 2 | |
| Spirit Tower | 3 | |
27 total
» build order
00:11 Necropolis
00:53 Halls of the Dead
00:53 Halls of the Dead
00:53 Halls of the Dead
01:42 Altar of Darkness
01:45 Graveyard
02:19 Crypt
02:50 Tomb of Relics
03:25 Ziggurat
05:28 Black Citadel
06:21 Sacrificial Pit
06:59 Slaughterhouse
07:13 Ziggurat
07:15 Ziggurat
09:52 Necropolis
10:06 Boneyard
10:16 Boneyard
12:08 Ziggurat
12:09 Ziggurat
13:36 Ziggurat
13:37 Ziggurat
14:33 Ziggurat
14:35 Ziggurat
14:40 Spirit Tower
14:42 Spirit Tower
14:45 Spirit Tower
» items
| Rod of Necromancy | 1 | |
| Orb of Corruption | 1 | |
| Dust of Appearance | 1 | |
| Scroll of Town Portal | 4 | |
| Potion of Healing | 2 | |
| Healing Salve | 2 | |
11 total
LadyGagaIsDaMan (
pink | 46 APM | 3559 actions | 77:39)
10 Blademaster
3 Wind Walk
3 Critical Strike
1 Bladestorm
3 Mirror Image
» actions
| Assign group hotkey | 39 | |
| Basic commands | 111 | |
| Build / train | 111 | |
| Enter build submenu | 111 | |
| Enter hero's abilities submenu | 10 | |
| Give item / drop item | 12 | |
| Remove unit from queue | 10 | |
| Right click | 1597 | |
| Select / deselect | 623 | |
| Select group hotkey | 571 | |
| Use ability | 359 | |
3559 total
» units
| Peon | 16 | |
| Grunt | 6 | |
| Goblin Shredder | 2 | |
| Wind Rider | 1 | |
| Troll Batrider | 6 | |
| Goblin Zeppelin | 8 | |
| Blue Dragon | 5 | |
| Demolisher | 2 | |
| Goblin Sapper | 5 | |
51 total
» upgrades
| Reinforced Defenses | 1 | |
| Liquid Fire | 1 | |
| Ranged Weapons | 3 | |
| Armor | 3 | |
| Berserker Upgrade | 1 | |
| Burning Oil | 1 | |
| Pillage | 1 | |
11 total
» buildings
| Orc Burrow | 8 | |
| Altar of Storms | 1 | |
| Barracks | 6 | |
| Voodoo Lounge | 7 | |
| Stronghold | 2 | |
| War Mill | 2 | |
| Great Hall | 6 | |
| Watch Tower | 83 | |
| Fortress | 2 | |
| Beastiary | 7 | |
124 total
» build order
00:11 Orc Burrow
00:50 Altar of Storms
00:51 Barracks
01:06 Orc Burrow
01:46 Voodoo Lounge
02:50 Stronghold
03:56 Orc Burrow
04:35 War Mill
05:22 Great Hall
06:00 Watch Tower
06:01 Watch Tower
06:02 Watch Tower
06:03 Watch Tower
07:14 Orc Burrow
07:41 Watch Tower
07:42 Watch Tower
07:42 Watch Tower
08:37 Fortress
09:48 Watch Tower
09:49 Watch Tower
09:50 Watch Tower
11:00 Watch Tower
11:01 Watch Tower
11:01 Watch Tower
11:01 Watch Tower
11:02 Watch Tower
11:11 Watch Tower
11:11 Watch Tower
11:12 Watch Tower
12:25 Great Hall
12:31 Watch Tower
12:31 Watch Tower
12:32 Watch Tower
12:33 Watch Tower
12:48 Watch Tower
12:48 Watch Tower
12:48 Watch Tower
12:52 Watch Tower
12:52 Watch Tower
12:53 Watch Tower
13:53 Watch Tower
13:53 Watch Tower
13:54 Watch Tower
15:13 Watch Tower
15:14 Watch Tower
15:15 Watch Tower
15:19 Watch Tower
15:19 Watch Tower
15:20 Watch Tower
16:35 Watch Tower
16:35 Watch Tower
16:35 Watch Tower
16:36 Watch Tower
16:37 Watch Tower
19:00 Watch Tower
19:01 Watch Tower
20:00 Stronghold
20:58 Beastiary
20:59 Beastiary
20:59 Beastiary
21:01 Beastiary
21:04 Beastiary
21:08 Beastiary
21:11 Voodoo Lounge
21:14 Beastiary
21:17 Orc Burrow
23:06 Orc Burrow
23:08 Orc Burrow
23:09 Orc Burrow
26:34 Fortress
28:41 Watch Tower
28:41 Watch Tower
28:42 Watch Tower
28:43 Watch Tower
29:30 War Mill
34:18 Voodoo Lounge
34:19 Voodoo Lounge
36:35 Watch Tower
36:35 Watch Tower
36:36 Watch Tower
36:36 Watch Tower
36:36 Watch Tower
37:54 Great Hall
37:57 Watch Tower
37:57 Watch Tower
37:58 Watch Tower
37:58 Watch Tower
38:03 Watch Tower
38:04 Watch Tower
38:05 Watch Tower
38:06 Watch Tower
39:06 Voodoo Lounge
40:08 Great Hall
40:11 Watch Tower
40:11 Watch Tower
40:12 Watch Tower
40:12 Watch Tower
40:46 Great Hall
40:50 Watch Tower
40:50 Watch Tower
40:51 Watch Tower
40:51 Watch Tower
40:53 Watch Tower
40:53 Watch Tower
40:54 Watch Tower
40:55 Watch Tower
40:59 Watch Tower
41:00 Watch Tower
41:01 Watch Tower
41:03 Watch Tower
41:10 Voodoo Lounge
48:24 Barracks
48:26 Barracks
48:28 Barracks
48:30 Barracks
48:33 Barracks
57:34 Great Hall
57:39 Watch Tower
57:40 Watch Tower
57:40 Watch Tower
58:21 Voodoo Lounge
» items
| Healing Salve | 9 | |
| Scroll of Town Portal | 6 | |
| Lesser Clarity Potion | 6 | |
| Potion of Mana | 6 | |
| Orb of Lightning | 1 | |
| Potion of Healing | 3 | |
| Staff of Teleportation | 1 | |
32 total

»
DivineFriend (
red | 43 APM | 1398 actions | 32:39)
2 Far Seer
1 Feral Spirit
1 Chain Lighting
1 Shadow Hunter
1 Healing Wave
» actions
| Basic commands | 40 | |
| Build / train | 108 | |
| Enter build submenu | 36 | |
| Enter hero's abilities submenu | 3 | |
| Give item / drop item | 2 | |
| Right click | 675 | |
| Select / deselect | 441 | |
| Use ability | 93 | |
1398 total
» units
| Peon | 23 | |
| Troll Headhunter/Berserker | 6 | |
| Grunt | 4 | |
| Raider | 6 | |
| Shaman | 4 | |
| Troll Witch Doctor | 2 | |
| Wind Rider | 14 | |
| Blue Dragon Whelp | 1 | |
| Blue Drake | 1 | |
61 total
» upgrades
| Spiked Barricades | 1 | |
| Ensnare | 1 | |
| Shaman Training | 2 | |
| Witch Doctor Training | 2 | |
| Berserker Strength | 1 | |
| Melee Weapons | 3 | |
| Armor | 2 | |
| Ranged Weapons | 2 | |
| Reinforced Defenses | 1 | |
| Envenomed Spears | 1 | |
16 total
» buildings
| Orc Burrow | 11 | |
| War Mill | 1 | |
| Barracks | 2 | |
| Altar of Storms | 1 | |
| Stronghold | 4 | |
| Watch Tower | 7 | |
| Voodoo Lounge | 1 | |
| Great Hall | 1 | |
| Spirit Lodge | 2 | |
| Beastiary | 2 | |
| Fortress | 1 | |
33 total
» build order
00:11 Orc Burrow
00:35 War Mill
00:58 Barracks
01:16 Altar of Storms
01:52 Orc Burrow
03:14 Orc Burrow
04:01 Stronghold
04:01 Stronghold
04:01 Stronghold
04:18 Watch Tower
05:02 Voodoo Lounge
05:16 Great Hall
05:23 Watch Tower
05:29 Watch Tower
05:43 Watch Tower
06:07 Watch Tower
06:30 Watch Tower
07:22 Watch Tower
07:30 Spirit Lodge
07:34 Beastiary
08:37 Fortress
09:13 Spirit Lodge
09:53 Barracks
09:58 Orc Burrow
10:08 Orc Burrow
14:32 Orc Burrow
15:15 Orc Burrow
19:34 Beastiary
21:19 Orc Burrow
29:40 Orc Burrow
29:42 Orc Burrow
29:44 Orc Burrow
» items
| Potion of Lesser Invulnerability | 5 | |
| Scroll of Protection | 8 | |
| Scroll of Town Portal | 7 | |
| Scroll of Healing | 1 | |
21 total
team 2 (loser)

»
hay (
yellow | 80 APM | 5191 actions | 64:56)
7 Death Knight
3 Death Coil
3 Unholy Aura
1 Animate Dead
5 Lich
3 Frost Nova
2 Frost Armor
5 Crypt Lord
3 Impale
2 Spiked Carapace
» actions
| Assign group hotkey | 783 | |
| Basic commands | 261 | |
| Build / train | 86 | |
| ESC pressed | 10 | |
| Enter build submenu | 23 | |
| Enter hero's abilities submenu | 17 | |
| Give item / drop item | 7 | |
| Right click | 1751 | |
| Select / deselect | 342 | |
| Select group hotkey | 1750 | |
| Use ability | 161 | |
5191 total
» units
| Acolyte | 8 | |
| Ghoul | 3 | |
| Crypt Fiend | 10 | |
| Frost Wyrm | 8 | |
29 total
» upgrades
| Creature Attack | 3 | |
| Web | 1 | |
| Burrow | 1 | |
| Freezing Breath | 1 | |
6 total
» buildings
| Crypt | 1 | |
| Ziggurat | 7 | |
| Graveyard | 1 | |
| Altar of Darkness | 1 | |
| Tomb of Relics | 1 | |
| Halls of the Dead | 3 | |
| Nerubian Tower | 1 | |
| Black Citadel | 4 | |
| Sacrificial Pit | 1 | |
| Boneyard | 2 | |
| Necropolis | 2 | |
24 total
» build order
00:11 Crypt
00:13 Ziggurat
00:49 Graveyard
00:59 Altar of Darkness
01:51 Ziggurat
02:08 Tomb of Relics
03:44 Ziggurat
04:31 Halls of the Dead
04:31 Halls of the Dead
05:16 Nerubian Tower
05:56 Ziggurat
07:49 Black Citadel
07:49 Black Citadel
07:49 Black Citadel
09:58 Sacrificial Pit
10:40 Ziggurat
10:48 Boneyard
12:30 Boneyard
13:23 Ziggurat
17:02 Ziggurat
22:53 Necropolis
27:53 Necropolis
» items
| Rod of Necromancy | 1 | |
| Dust of Appearance | 1 | |
| Scroll of Town Portal | 3 | |
| Potion of Healing | 2 | |
| Potion of Mana | 3 | |
| Lesser Clarity Potion | 2 | |
| Scroll of Regeneration | 1 | |
13 total
iamnoobkillme (
purple | 58 APM | 4471 actions | 77:38)
3 Archmage
1 Summon Water Elemental
1 Brilliance Aura
1 Blizzard
1 Paladin
1 Holy Light
2 Mountain King
1 Storm Bolt
1 Bash
» actions
| Assign group hotkey | 36 | |
| Basic commands | 100 | |
| Build / train | 165 | |
| ESC pressed | 2 | |
| Enter build submenu | 93 | |
| Enter hero's abilities submenu | 6 | |
| Give item / drop item | 4 | |
| Right click | 1848 | |
| Select / deselect | 1087 | |
| Select group hotkey | 884 | |
| Use ability | 246 | |
4471 total
» units
| Peasant | 34 | |
| Footman | 7 | |
| Goblin Zeppelin | 5 | |
| Siege Engine | 5 | |
| Goblin Shredder | 2 | |
| Flying Machine | 11 | |
64 total
» upgrades
| Defend | 1 | |
| Masonry | 3 | |
| Gunpowder | 3 | |
| Plating | 3 | |
| Barrage | 1 | |
| Lumber Harvesting | 2 | |
| Flak Cannons | 1 | |
| Fragmentation Shards | 1 | |
| Flare | 1 | |
| Magic Sentry | 1 | |
| Sorceress Training | 1 | |
| Priest Training | 1 | |
| Swords | 2 | |
| Armor | 2 | |
| Animal War Training | 1 | |
| Long Rifles | 1 | |
| Backpack | 1 | |
26 total
» buildings
| Altar of Kings | 1 | |
| Farm | 27 | |
| Barracks | 3 | |
| Scout Tower | 72 | |
| Lumber Mill | 5 | |
| Arcane Vault | 5 | |
| Arcane Tower | 4 | |
| Guard Tower | 39 | |
| Town Hall | 15 | |
| Keep | 1 | |
| Blacksmith | 1 | |
| Castle | 1 | |
| Workshop | 4 | |
| Arcane Sanctum | 1 | |
179 total
» build order
00:09 Altar of Kings
00:13 Farm
00:22 Barracks
00:52 Farm
01:31 Farm
02:03 Farm
02:49 Farm
03:20 Scout Tower
03:24 Lumber Mill
04:21 Arcane Vault
04:35 Arcane Tower
05:02 Scout Tower
05:03 Scout Tower
05:06 Scout Tower
05:07 Scout Tower
05:41 Arcane Tower
05:43 Guard Tower
06:29 Town Hall
06:56 Keep
07:16 Lumber Mill
07:49 Barracks
07:53 Scout Tower
07:59 Farm
08:19 Arcane Vault
08:24 Scout Tower
08:25 Scout Tower
08:26 Scout Tower
09:10 Blacksmith
09:42 Arcane Tower
09:47 Scout Tower
09:53 Castle
09:57 Guard Tower
10:21 Farm
10:21 Farm
10:22 Farm
10:31 Workshop
10:33 Workshop
10:35 Workshop
10:36 Workshop
12:17 Farm
12:20 Guard Tower
15:14 Guard Tower
15:18 Guard Tower
16:53 Scout Tower
16:54 Scout Tower
16:56 Scout Tower
17:51 Guard Tower
19:47 Arcane Sanctum
20:04 Scout Tower
20:06 Scout Tower
20:09 Scout Tower
20:10 Scout Tower
20:14 Arcane Vault
20:17 Lumber Mill
20:58 Guard Tower
21:11 Guard Tower
21:24 Scout Tower
21:26 Scout Tower
21:27 Scout Tower
21:55 Scout Tower
21:56 Scout Tower
21:57 Scout Tower
21:59 Guard Tower
22:06 Town Hall
22:26 Guard Tower
22:29 Arcane Vault
22:49 Guard Tower
22:52 Scout Tower
22:55 Scout Tower
22:56 Scout Tower
23:00 Scout Tower
23:01 Scout Tower
23:36 Guard Tower
24:58 Arcane Tower
25:01 Guard Tower
25:09 Barracks
26:32 Scout Tower
26:32 Scout Tower
26:33 Scout Tower
27:40 Town Hall
27:45 Guard Tower
28:04 Scout Tower
28:07 Scout Tower
28:09 Scout Tower
30:50 Guard Tower
31:32 Town Hall
34:05 Town Hall
37:26 Town Hall
37:39 Scout Tower
37:39 Scout Tower
37:40 Scout Tower
37:42 Scout Tower
38:41 Guard Tower
38:46 Scout Tower
39:31 Guard Tower
39:35 Scout Tower
39:37 Scout Tower
39:38 Scout Tower
39:39 Scout Tower
40:02 Scout Tower
40:05 Scout Tower
40:05 Scout Tower
40:07 Guard Tower
40:22 Guard Tower
40:46 Guard Tower
41:03 Guard Tower
41:15 Scout Tower
41:20 Scout Tower
41:21 Scout Tower
41:49 Town Hall
41:53 Guard Tower
42:25 Guard Tower
42:52 Guard Tower
43:13 Scout Tower
43:15 Scout Tower
43:25 Scout Tower
43:25 Scout Tower
43:26 Scout Tower
43:40 Guard Tower
43:43 Scout Tower
43:45 Scout Tower
43:45 Scout Tower
43:46 Scout Tower
43:49 Guard Tower
44:09 Guard Tower
44:21 Guard Tower
44:31 Arcane Vault
44:41 Scout Tower
44:44 Scout Tower
45:37 Guard Tower
45:59 Guard Tower
46:07 Guard Tower
46:16 Town Hall
47:02 Scout Tower
47:04 Scout Tower
47:05 Scout Tower
47:06 Scout Tower
47:35 Guard Tower
47:41 Guard Tower
47:59 Guard Tower
48:01 Guard Tower
48:36 Scout Tower
48:38 Scout Tower
48:38 Scout Tower
48:44 Town Hall
49:33 Guard Tower
50:08 Town Hall
50:53 Farm
50:53 Farm
50:54 Farm
50:55 Farm
50:56 Farm
50:56 Farm
50:57 Farm
50:58 Farm
52:30 Farm
53:08 Town Hall
53:19 Town Hall
53:28 Town Hall
55:31 Lumber Mill
55:41 Lumber Mill
58:40 Town Hall
59:38 Farm
60:54 Farm
60:55 Farm
60:56 Farm
60:57 Farm
60:58 Farm
61:38 Farm
61:48 Farm
62:31 Town Hall
65:18 Scout Tower
65:23 Scout Tower
66:08 Guard Tower
66:15 Guard Tower
66:38 Scout Tower
66:39 Scout Tower
67:07 Guard Tower
67:12 Scout Tower
» items
| Scroll of Regeneration | 3 | |
| Scroll of Town Portal | 4 | |
| Staff of Sanctuary | 3 | |
| Ivory Tower | 4 | |
| Staff of Teleportation | 3 | |
| Boots of Speed | 3 | |
| Potion of Healing | 1 | |
21 total
ShutltDOWN (
blue | 78 APM | 6018 actions | 77:38)
8 Archmage
3 Summon Water Elemental
3 Brilliance Aura
1 Mass Teleport
1 Blizzard
» actions
| Assign group hotkey | 192 | |
| Basic commands | 575 | |
| Build / train | 223 | |
| ESC pressed | 4 | |
| Enter build submenu | 62 | |
| Enter hero's abilities submenu | 8 | |
| Give item / drop item | 10 | |
| Right click | 1697 | |
| Select / deselect | 987 | |
| Select group hotkey | 1845 | |
| Use ability | 415 | |
6018 total
» units
| Peasant | 20 | |
| Footman | 7 | |
| Goblin Shredder | 3 | |
| Goblin Zeppelin | 12 | |
| Rifleman | 6 | |
| Mortar Team | 5 | |
| Flying Machine | 4 | |
| Blue Dragon | 3 | |
| Siege Engine | 2 | |
| Goblin Sapper | 8 | |
| Gryphon Rider | 6 | |
| Dragonhawk Rider | 4 | |
| Knight | 3 | |
| Spell Breaker | 3 | |
| Priest | 1 | |
| Sorceress | 1 | |
88 total
» upgrades
| Swords | 4 | |
| Armor | 3 | |
| Masonry | 3 | |
| Priest Training | 2 | |
| Gunpowder | 3 | |
| Long Rifles | 1 | |
| Fragmentation Shards | 1 | |
| Lumber Harvesting | 1 | |
| Flak Cannons | 1 | |
| Plating | 3 | |
| Flying Machine Bombs | 1 | |
| Barrage | 1 | |
| Animal War Training | 1 | |
| Cloud | 1 | |
| Flare | 1 | |
| Storm Hammers | 1 | |
| Defend | 1 | |
| Sorceress Training | 1 | |
30 total
» buildings
| Barracks | 2 | |
| Altar of Kings | 1 | |
| Farm | 15 | |
| Lumber Mill | 1 | |
| Arcane Vault | 2 | |
| Town Hall | 3 | |
| Scout Tower | 39 | |
| Guard Tower | 30 | |
| Keep | 3 | |
| Blacksmith | 1 | |
| Castle | 3 | |
| Workshop | 3 | |
| Arcane Sanctum | 2 | |
| Arcane Tower | 2 | |
| Gryphon Aviary | 4 | |
111 total
» build order
00:54 Barracks
00:57 Altar of Kings
00:58 Farm
01:06 Farm
01:16 Farm
01:40 Farm
01:44 Lumber Mill
02:10 Arcane Vault
04:02 Town Hall
04:05 Scout Tower
04:06 Scout Tower
04:06 Scout Tower
04:07 Scout Tower
04:34 Guard Tower
04:37 Guard Tower
05:19 Keep
05:19 Keep
05:21 Guard Tower
05:21 Guard Tower
05:22 Guard Tower
05:46 Blacksmith
08:05 Castle
08:06 Castle
08:06 Castle
08:25 Workshop
08:28 Arcane Sanctum
08:33 Barracks
08:59 Scout Tower
09:01 Scout Tower
09:07 Scout Tower
09:09 Scout Tower
09:12 Scout Tower
09:14 Scout Tower
09:16 Scout Tower
09:54 Farm
09:55 Farm
11:02 Town Hall
11:05 Scout Tower
11:05 Scout Tower
11:06 Scout Tower
11:08 Scout Tower
11:11 Scout Tower
11:13 Scout Tower
11:14 Scout Tower
11:14 Scout Tower
11:15 Scout Tower
11:16 Scout Tower
11:17 Scout Tower
11:18 Scout Tower
11:19 Scout Tower
11:20 Scout Tower
11:21 Scout Tower
12:08 Guard Tower
12:08 Guard Tower
12:08 Guard Tower
12:29 Guard Tower
12:48 Guard Tower
12:49 Guard Tower
12:49 Guard Tower
13:06 Guard Tower
13:06 Guard Tower
13:06 Guard Tower
13:07 Guard Tower
13:07 Guard Tower
13:15 Guard Tower
13:15 Guard Tower
13:31 Scout Tower
13:32 Scout Tower
13:33 Scout Tower
13:34 Scout Tower
13:35 Scout Tower
13:36 Scout Tower
13:37 Scout Tower
13:38 Scout Tower
13:39 Scout Tower
14:04 Guard Tower
14:04 Guard Tower
14:18 Guard Tower
15:39 Guard Tower
15:45 Workshop
15:46 Workshop
15:52 Arcane Vault
19:06 Scout Tower
19:07 Scout Tower
19:09 Scout Tower
19:10 Scout Tower
20:20 Arcane Tower
20:22 Arcane Tower
23:00 Gryphon Aviary
23:01 Gryphon Aviary
23:04 Gryphon Aviary
23:07 Gryphon Aviary
23:31 Farm
23:34 Farm
23:36 Farm
23:40 Farm
25:09 Farm
25:09 Farm
25:09 Farm
25:11 Farm
51:53 Arcane Sanctum
63:45 Town Hall
75:36 Farm
» items
| Scroll of Regeneration | 11 | |
| Lesser Clarity Potion | 3 | |
| Mechanical Critter | 4 | |
| Staff of Teleportation | 1 | |
| Periapt of Vitality | 1 | |
| Scroll of Town Portal | 6 | |
| Potion of Healing | 2 | |
28 total

»
massgrunts1337 (
teal | 23 APM | 1789 actions | 77:38)
6 Demon Hunter
3 Mana Burn
2 Evasion
1 Metamorphosis
» actions
| Assign group hotkey | 52 | |
| Basic commands | 10 | |
| Build / train | 100 | |
| Enter build submenu | 26 | |
| Enter hero's abilities submenu | 6 | |
| Right click | 733 | |
| Select / deselect | 405 | |
| Select group hotkey | 409 | |
| Use ability | 47 | |
1789 total
» units
| Wisp | 21 | |
| Archer | 18 | |
| Hippogryph | 32 | |
| Goblin Zeppelin | 1 | |
| Glaive Thrower | 6 | |
78 total
» upgrades
| Improved Bows | 1 | |
| Hippogryph Taming | 1 | |
| Strength of the Moon | 3 | |
| Moon Armor | 3 | |
| Marksmanship | 1 | |
| Well Spring | 1 | |
| Ultravision | 1 | |
11 total
» buildings
| Altar of Elders | 2 | |
| Moon Well | 10 | |
| Ancient of War | 2 | |
| Tree of Ages | 1 | |
| Ancient of Wonders | 1 | |
| Ancient of Wind | 1 | |
| Hunter's Hall | 2 | |
| Tree of Eternity | 1 | |
| Tree of Life | 6 | |
| Ancient Protector | 1 | |
27 total
» build order
00:06 Altar of Elders
00:09 Moon Well
00:29 Ancient of War
01:30 Moon Well
02:30 Moon Well
03:18 Tree of Ages
03:32 Ancient of Wonders
04:56 Moon Well
05:48 Ancient of Wind
06:19 Hunter's Hall
09:24 Moon Well
10:05 Tree of Eternity
11:28 Tree of Life
16:01 Moon Well
16:59 Moon Well
17:56 Moon Well
18:00 Ancient Protector
26:40 Tree of Life
27:11 Tree of Life
27:29 Tree of Life
35:55 Ancient of War
37:43 Hunter's Hall
62:20 Tree of Life
62:26 Altar of Elders
62:35 Moon Well
62:41 Moon Well
75:14 Tree of Life
» items
| Orb of Venom | 1 | |
| Scroll of Town Portal | 1 | |
2 total
Chat log
(00:47 / Allies) tunga15: sup
(00:55 / Allies) BrycE.: nm wbu
(01:05 / Allies) tunga15: last game for the night...
(01:17 / Allies) BrycE.: lets meka it a 2 hour one then
(01:25 / Allies) tunga15: lol yes
(01:36 / Allies) tunga15: i mean, no
(01:41 / Allies) BrycE.: ;)
(02:50 / Allies) tunga15: nce
(02:58 / Allies) BrycE.: lel
(03:42 / Allies) BrycE.: lets get this
(03:47 / Allies) BrycE.: first
(04:08 / Allies) BrycE.: or naw
(04:58 / Allies) BrycE.: pink
(05:00 / Allies) BrycE.: can i have inside?
(05:03 / Allies) LadyGagaIsDaMan: nay
(05:07 / Allies) BrycE.: =/
(05:26 / Allies) BrycE.: and you grabbed shredder nice
(05:42 / Allies) LadyGagaIsDaMan: well I crept it so
(05:57 / Allies) BrycE.: yupppppppppp
(07:56 / Allies) LadyGagaIsDaMan: dk
(07:57 / Allies) LadyGagaIsDaMan: dk
(07:57 / Allies) LadyGagaIsDaMan: dk
(08:26 / All) LadyGagaIsDaMan: :)
(11:33 / Allies) tunga15: lol
(11:37 / Allies) LadyGagaIsDaMan: yellow hacks I think
(11:39 / All) ShutltDOWN: LOL
(11:41 / All) tunga15: what did we kill?
(11:54 / All) ShutltDOWN: Just my hero
(11:54 / Allies) LadyGagaIsDaMan: run north
(11:58 / All) tunga15: kk
(12:00 / All) ShutltDOWN: the footmen are in purgatory
(12:06 / All) LadyGagaIsDaMan: Yellow hacks lol
(12:29 / Allies) tunga15: omw
(12:37 / Allies) tunga15: save?
(12:52 / Allies) DivineFriend: i can't tp
(13:37 / Allies) tunga15: nice
(13:58 / Allies) tunga15: hes expoed
(14:40 / All) LadyGagaIsDaMan: lol
(14:42 / All) LadyGagaIsDaMan: covert hacker
(14:57 / All) hay: ??
(14:59 / All) LadyGagaIsDaMan: yhellow covert hacker
(15:01 / All) hay: wjhat you talking about
(15:08 / All) LadyGagaIsDaMan: you know
(15:16 / All) hay: i just tp ed home
(15:17 / All) hay: from red
(15:27 / All) LadyGagaIsDaMan: k
(15:29 / Allies) tunga15: this looks like a 2 hr game lol
(15:34 / All) hay: u ask red
(15:43 / Allies) BrycE.: ;)
(15:44 / Allies) tunga15: scan here
(15:45 / Allies) tunga15: plz
(15:55 / Allies) DivineFriend: can't do that yet
(16:01 / Allies) tunga15: ty
(16:31 / Allies) tunga15: shit
(16:32 / Allies) tunga15: fuck
(16:39 / Allies) tunga15: distracted by my expo
(16:51 / Allies) tunga15: fuck me
(17:35 / Allies) LadyGagaIsDaMan: they're attacking to
(17:45 / Allies) BrycE.: have u gotten a unit?
(17:55 / Allies) tunga15: lol
(18:04 / Allies) BrycE.: no?
(18:05 / Allies) BrycE.: ok
(18:18 / Allies) BrycE.: goodnight tunga
(19:49 / All) LadyGagaIsDaMan: oh
(19:50 / All) LadyGagaIsDaMan: wow
(19:52 / All) LadyGagaIsDaMan: orange tked me
(19:58 / All) ShutltDOWN: wtf
(19:59 / All) ShutltDOWN: why?
(20:04 / All) LadyGagaIsDaMan: I crept shreddar
(20:08 / All) LadyGagaIsDaMan: and inside expo
(20:12 / All) LadyGagaIsDaMan: while he straight teched
(20:12 / All) BrycE.: he has 0 units
(20:14 / All) BrycE.: and 3000 towers
(20:24 / All) BrycE.: im not sitting around for this faggot rofl
(20:26 / All) LadyGagaIsDaMan: you didn't even tp to green you fucking baby lol
(20:30 / All) hay: KILL HIS MAIN
(20:32 / All) hay: OIRANGE
(20:33 / All) ShutltDOWN: that's not reason to tk asshole
(20:35 / All) hay: IF YOU ARE TKING HIm
(20:40 / All) LadyGagaIsDaMan: he did I didn't notice
(20:58 / All) BrycE.: sure it is
(21:01 / All) BrycE.: save everyone plenty of time
(21:41 / Allies) LadyGagaIsDaMan: why you didn't leave ?
(21:42 / Allies) tunga15: units red
(21:45 / Allies) LadyGagaIsDaMan: You were salty from before lol
(21:51 / Allies) LadyGagaIsDaMan: thinking the game is all about you
(21:54 / Allies) BrycE.: salty lol
(22:01 / Allies) LadyGagaIsDaMan: everyone else gotta accomodate you
(22:05 / Allies) LadyGagaIsDaMan: piece of shit
(22:07 / Allies) BrycE.: no
(22:08 / Allies) BrycE.: its team
(22:09 / Allies) BrycE.: game
(22:52 / All) tunga15: sigh
(23:21 / Allies) LadyGagaIsDaMan: you're such a little bitch you had to do it in secret lol
(23:26 / Allies) BrycE.: secret?
(23:27 / Allies) BrycE.: rofl
(23:35 / Allies) LadyGagaIsDaMan: yeah I got no notice from yoru sneak atttack faggot
(23:42 / Allies) BrycE.: i have to notice you
(23:44 / Allies) BrycE.: if im going to tk
(23:45 / Allies) BrycE.: LOL
(23:45 / Allies) BrycE.: stfu
(23:47 / Allies) BrycE.: faggot
(24:09 / Allies) BrycE.: them towers workin real good
(24:10 / All) LadyGagaIsDaMan: he literallly is just mad because I took shreddar that I crept
(24:19 / All) BrycE.: yea
(24:20 / All) BrycE.: so mad
(24:28 / All) LadyGagaIsDaMan: yeah that's why you tk
(24:42 / All) BrycE.: yupyup thats why
(24:48 / All) LadyGagaIsDaMan: it is
(25:08 / All) LadyGagaIsDaMan: I see through your fag
(25:15 / All) BrycE.: you see through my fag?
(25:16 / All) BrycE.: Whos my fag
(25:19 / All) LadyGagaIsDaMan: typo idiot
(25:24 / All) BrycE.: 12k gold
(25:27 / All) BrycE.: for pink
(25:28 / All) LadyGagaIsDaMan: you're witty bet you got a lot of reddit karma
(25:32 / All) BrycE.: lelelelelelele
(25:53 / All) tunga15: dont mind us
(26:05 / Allies) BrycE.: happy last game tunga
(26:07 / All) tunga15: we're just trying to kill each other
(26:12 / Allies) BrycE.: ;)
(26:45 / Allies) DivineFriend: forget them
(26:50 / Allies) DivineFriend: just kill orange
(26:51 / Allies) DivineFriend: lol
(26:57 / Allies) BrycE.: nice idea
(27:03 / Allies) BrycE.: dont worry pink has bats coming
(27:05 / Allies) BrycE.: that will help
(27:15 / All) DivineFriend: just kill orange
(27:18 / All) DivineFriend: lol
(27:21 / All) BrycE.: Why are you talking on all
(27:32 / All) DivineFriend: we lov ekilling backstabbers
(28:09 / Allies) tunga15: lets figvht blut
(28:11 / All) BrycE.: if only you got exp for that maybe your fs would be more then level 2
(28:25 / Allies) tunga15: pink come
(28:37 / Allies) BrycE.: pink the TEAM player
(28:46 / Allies) BrycE.: goes off to try to kill Hu expos with bats
(29:07 / Allies) BrycE.: 0/0 bats at that
(29:18 / Allies) LadyGagaIsDaMan: You killed my base you idiot
(29:31 / Allies) BrycE.: much better
(29:32 / Allies) BrycE.: ;)
(29:33 / Allies) LadyGagaIsDaMan: had to deal with that
(30:01 / Allies) BrycE.: your shitty strategy can never honestly work
(30:12 / Allies) BrycE.: unless the rest of ur team protos
(30:18 / Allies) tunga15: save?
(30:24 / All) DivineFriend: can't tp
(30:25 / Allies) BrycE.: look at that damage
(30:25 / Allies) BrycE.: LOL
(30:26 / All) DivineFriend: forget it
(30:28 / Allies) BrycE.: ROFL
(30:28 / All) DivineFriend: lol
(30:40 / All) DivineFriend: dont' wanna gain win for dumb people
(30:46 / Allies) BrycE.: got a tower niceeeee
(30:47 / All) LadyGagaIsDaMan: orange is gonna stick around with nothing
(30:52 / All) LadyGagaIsDaMan: but he tked because he didn't want to wait
(30:53 / All) LadyGagaIsDaMan: lol
(31:09 / All) BrycE.: the game wont be as long as you would have made it
(31:23 / All) BrycE.: protoing solo
(31:33 / All) DivineFriend: orange, i know why you tk. you suck big time. i paly iwth you last time.
(31:38 / All) LadyGagaIsDaMan: you're mad because I "messed up your buidl" become the game revolves around you
(31:38 / All) BrycE.: nice
(31:45 / All) LadyGagaIsDaMan: I knew you'd do this when you complained about shreddar
(31:51 / All) BrycE.: 3 scrolls of protect on fs
(31:56 / All) BrycE.: mass armor, pretty sure it stacks
(32:36 / All) DivineFriend: gonna go play a worthy game. and if i see you again orange. you're dead meat.
(32:38 / All) LadyGagaIsDaMan: whoops
(32:40 / All) LadyGagaIsDaMan: didn't have tp LOL
(32:43 / All) hay: Lol
(32:51 / All) BrycE.: damn that was pretty funny
(33:20 / All) ShutltDOWN: my amove strong
(34:26 / All) massgrunts1337: im bored lol
(34:29 / All) BrycE.: SAME
(34:30 / All) tunga15: same
(34:31 / All) BrycE.: cya
(34:38 / All) tunga15: loser
(34:39 / All) ShutltDOWN: I'm having a blast
(34:46 / All) LadyGagaIsDaMan: orange even has a faggoty millennial name LOL
(34:47 / All) LadyGagaIsDaMan: Bryce
(36:38 / Allies) tunga15: hiot him
(36:55 / All) ShutltDOWN: Yellow doesn't understand town hall phobia
(38:10 / All) LadyGagaIsDaMan: I knew orange was gonna tk
(38:16 / All) LadyGagaIsDaMan: as soon as he mentioned shreddar lawl
(38:28 / All) hay: NOOB BLUE
(38:30 / All) LadyGagaIsDaMan: he leeched exp from me then complained I got shreddar wtf is that
(38:31 / All) hay: FAGGOT BLUE
(38:41 / All) hay: FAG BLUE
(38:42 / All) hay: FAGGGGOT
(38:50 / All) hay: FAGGGOT
(38:52 / All) hay: FAGGOT BLUE
(38:53 / All) LadyGagaIsDaMan: orange ruined a potentially awesome game
(38:54 / All) hay: NOOB BLUE
(39:02 / All) ShutltDOWN: My team is all pricks
(39:07 / All) hay: KILL BLUE
(39:10 / All) hay: ALL UNITS DEAD
(39:13 / All) ShutltDOWN: I am deathly afraid of town halls; I do not kill any of their units, but their town halls
(39:17 / Allies) tunga15: lol we might wint his bro
(39:22 / All) ShutltDOWN: They don't understand it
(39:24 / All) hay: he killed all of us units
(39:26 / All) hay: pink
(39:28 / All) hay: its your turn
(39:30 / All) hay: to kill them
(39:35 / All) hay: he has less units
(39:48 / All) hay: just go to his base and Worldwind
(39:54 / All) ShutltDOWN: you're phobic of townhallphobes
(40:04 / All) hay: HES BASE IS ATOP LEFT
(40:15 / All) hay: GO NOW
(40:16 / All) hay: PINK
(40:19 / All) hay: OR YOU MISS THE CHANCE
(40:23 / All) hay: HES ATTKING ME
(40:26 / All) hay: AT BOTTOM LEFT
(40:32 / All) hay: WITH FEWER UNITS
(40:35 / All) ShutltDOWN: you attack me
(40:36 / All) hay: IF YOU CAN KILL HIM
(40:39 / All) ShutltDOWN: you don't understand my plight
(40:42 / All) hay: PINK
(40:46 / All) hay: HES AT BOTTOM LEFT
(41:02 / All) hay: you still have a chance
(41:10 / Allies) tunga15: i just killed teal's units
(41:28 / Allies) tunga15: keep building man
(42:03 / All) hay: FUK YOU BLUE
(42:07 / All) hay: YOU FUKKING FAGGOT
(42:08 / All) ShutltDOWN: fuck you
(42:10 / All) ShutltDOWN: fucker
(42:11 / All) hay: YOU MOM HAS NO PUSSY
(42:18 / All) hay: YOU MOM IS A PUTO
(42:24 / All) hay: YOUR MOM IS A SANWICH
(42:26 / All) ShutltDOWN: that's fucking offensive motherfucker
(42:30 / All) hay: STFU BLUE
(42:30 / All) LadyGagaIsDaMan: TELEPORT SCROLL
(42:33 / All) LadyGagaIsDaMan: by VISA
(42:34 / All) ShutltDOWN: she may not have a vagina
(42:36 / All) LadyGagaIsDaMan: never leave home without it
(42:36 / All) ShutltDOWN: she is still a WOMAN
(42:37 / All) hay: SO BAD BLUE
(42:39 / All) ShutltDOWN: and above all, my MOTHER
(42:41 / All) hay: DIE YOU OUTSIDERR
(42:45 / All) hay: DIE YOU FUK HOLE
(42:48 / All) ShutltDOWN: go fuck off and bring your racist transphobia somewhere else
(42:49 / All) hay: YOU MOM IS A BIACH
(43:23 / All) hay: YOUR MOM IS A PUTA
(43:27 / All) LadyGagaIsDaMan: I'm so glad I towered the fuck out of my bottom outside expo lol
(43:34 / Allies) tunga15: yea
(43:39 / Allies) tunga15: this is a strange game lol
(43:40 / All) hay: STFU YOUR MOTHER IS A SHEMALE
(43:48 / All) ShutltDOWN: that's a bigot word
(43:51 / All) hay: how the fuk did heshe get you outta here
(43:52 / All) ShutltDOWN: she prefers transgender
(43:53 / All) ShutltDOWN: not shemale
(44:03 / All) hay: How did your mom deliver you??
(44:06 / All) hay: lol
(44:09 / All) hay: you are so lame
(44:12 / All) hay: lammmmmmmmmmer
(44:17 / All) hay: so LAMEEEEEEE
(44:18 / All) hay: BLUE
(44:18 / All) ShutltDOWN: how do you think, ignorant bigot?
(44:22 / All) hay: BLUE IS LAMEEEEEEEEEEEEEEEEE
(44:36 / All) ShutltDOWN: my dad carried the baby
(44:41 / All) ShutltDOWN: he was born a woman, but is actually a man
(44:47 / All) hay: BLUE YOU SUCK
(44:49 / All) hay: MORONNNNNNNNN
(44:58 / All) ShutltDOWN: Well I killed all your units and structures
(45:00 / All) hay: YOU HAVE NO AHOLE
(45:02 / All) ShutltDOWN: I think I'm the better one
(45:06 / All) hay: YOU POOP FROM YOUR MOUTH
(45:10 / All) ShutltDOWN: you're just some transphobic slob who doesn't understand fear of town halls
(45:13 / Allies) tunga15: build?
(45:19 / All) hay: YOU ARE SHYT
(45:27 / All) hay: WACHHOLE
(45:34 / All) tunga15: where is he yellow?
(45:45 / All) hay: I AM BOTTOM LEFT
(45:48 / All) hay: KILLED BY BLUE
(45:53 / All) hay: ALL MY UNITS DIED
(45:55 / All) hay: FROM BLUE
(45:59 / All) hay: YOU CAN SEE FROM REPLAY
(46:00 / All) hay: GREEN
(46:20 / All) ShutltDOWN: all he'd see in the replay is your blatant transmisogyny and townhallphobiaphobia
(46:39 / All) hay: BLUE has 4 griphen 2 tanks 4 Kights
(46:42 / All) hay: 6 infantry
(46:44 / All) hay: 1 hero
(46:46 / All) hay: 3 mortals
(46:47 / All) ShutltDOWN: you miscount
(46:49 / All) ShutltDOWN: try again
(46:50 / All) hay: 2 copter
(46:52 / All) ShutltDOWN: my army is very complicated
(46:54 / All) hay: dosent matter
(46:56 / All) ShutltDOWN: to confuse noobs like you
(46:56 / All) hay: thats your army
(46:58 / All) ShutltDOWN: 3 copter
(47:00 / All) hay: he has 1 DRAGON
(47:19 / All) hay: The BIG BLUE DRAGON STICK INSIDE HIS A HOLE
(47:23 / All) ShutltDOWN: I added a footman to my army too
(47:30 / All) ShutltDOWN: you didn't factor in its strength
(47:39 / All) hay: YOU WILL DIE FROM BM
(47:43 / All) hay: HE LL PWN YOU
(47:45 / All) ShutltDOWN: I have mortar teams and shit
(47:57 / Allies) tunga15: can i ahve 400g
(48:05 / All) hay: DONT TOP RIGHT GREEN
(48:10 / All) hay: DONT WASTE TIME MY BASE
(48:13 / All) hay: GO TOP RIGHT
(48:18 / All) hay: THATS THE BASE YOU WANNA KILL
(48:18 / All) tunga15: kk ty
(48:22 / All) hay: IF NOT HES GETTING MORE UNITS
(48:24 / Allies) tunga15: lets go pinik
(48:30 / All) hay: PINK TOP RIGHT
(48:34 / All) hay: BLUE MAIN BASE
(48:35 / All) hay: KILL IT
(48:44 / All) hay: CARE
(48:45 / All) hay: GREEN
(48:48 / All) hay: HES FORCE IS THERE
(49:12 / All) hay: PURPLE WILL HELP
(49:23 / All) hay: RUN
(49:27 / All) hay: RUN GRREEN
(49:30 / All) LadyGagaIsDaMan: jesus
(49:35 / All) LadyGagaIsDaMan: that base shut me out from what I was gonna do
(50:24 / All) tunga15: lol purp u helping us?
(50:28 / All) hay: YES
(50:34 / All) hay: BLUE KILLED US
(50:38 / All) hay: SO WE HELPING YOU TO WIN
(50:41 / All) hay: KILL BLUE PLS
(50:57 / All) hay: Give potion to your panda
(51:07 / Allies) LadyGagaIsDaMan: whoops
(51:09 / Allies) tunga15: dude
(51:11 / Allies) tunga15: why u do that
(51:20 / Allies) tunga15: gold quick
(51:21 / Allies) LadyGagaIsDaMan: didn't see blue chasing you
(51:24 / All) ShutltDOWN: that's why you don't try to attack my fair and balanced army with everything
(51:30 / Allies) tunga15: gold
(51:31 / Allies) tunga15: fast
(51:32 / Allies) tunga15: lots
(51:39 / Allies) tunga15: pink
(51:41 / Allies) tunga15: goldddd
(51:50 / Allies) tunga15: gpink
(51:52 / Allies) tunga15: goooold
(51:54 / Allies) tunga15: u have tons
(51:58 / All) hay: Pink get raiders net the dragons and use turrens with bloodlust to kill his ground units
(52:00 / All) hay: then its gged
(52:06 / Allies) tunga15: ink?
(52:09 / Allies) tunga15: pink???
(52:22 / All) hay: he will have no match vs turrens with lust
(52:26 / Allies) tunga15: pink
(52:26 / Allies) tunga15: pink
(52:32 / Allies) tunga15: gold plz?
(52:38 / All) hay: THATS PRPLE
(52:41 / All) hay: DONT DO THAT PNK
(53:01 / All) hay: GO get blue
(53:03 / All) hay: instead
(53:06 / All) hay: why purple
(53:09 / All) hay: stop wasting time
(53:10 / All) hay: PINK
(53:53 / Allies) tunga15: pink 200 gold plzzzzzz
(54:15 / All) hay: PINK
(54:18 / All) hay: IF YOU KILL BLUE
(54:19 / All) hay: YU WIN
(55:15 / All) ShutltDOWN: brb think some tunes finished downloading from ftp
(55:25 / All) hay: LOL YOU SUCK BLUE
(55:31 / All) hay: BLUEEEE YOU MOTHWER SUCKERRR
(55:36 / All) hay: YOUR MOTHER BLOOD SUCER
(55:39 / All) hay: SUCKER
(56:11 / All) LadyGagaIsDaMan: i keep forgetting
(56:13 / All) LadyGagaIsDaMan: I don't have tp
(56:30 / All) LadyGagaIsDaMan: till it's too lat
(56:43 / Allies) tunga15: dude we can win this...
(56:48 / Allies) tunga15: if u give me a bit of gold
(56:49 / Allies) tunga15: to help
(58:38 / Allies) tunga15: gold plz dude?
(58:44 / All) ShutltDOWN: damn 7 cd boxset
(58:46 / All) ShutltDOWN: took a while to tag
(59:24 / All) hay: ok pink
(59:29 / All) hay: took out his dragon
(59:31 / All) hay: and air
(59:34 / All) hay: you can own him now
(59:56 / All) hay: hes afk top rihjt
(59:59 / All) hay: top right
(60:05 / All) hay: or left
(60:59 / All) hay: thats purple
(61:02 / All) hay: dont kill
(61:09 / All) tunga15: lol ok
(61:21 / All) hay: KILL ALTAR
(61:23 / All) hay: AIM ALTAR
(61:26 / All) hay: HES HERO DIED
(61:29 / All) hay: HES REVIVING
(61:31 / All) hay: AIM ALTAR
(61:35 / Allies) LadyGagaIsDaMan: green
(61:38 / Allies) LadyGagaIsDaMan: kill purple first
(61:46 / Allies) LadyGagaIsDaMan: green
(61:48 / Allies) LadyGagaIsDaMan: kill purple first
(61:53 / Allies) tunga15: why?
(62:00 / Allies) LadyGagaIsDaMan: blue is tking
(62:09 / All) hay: Kill blue base you win
(62:12 / All) hay: dont go for purple
(62:15 / Allies) LadyGagaIsDaMan: see
(62:18 / Allies) LadyGagaIsDaMan: he's trying to trick us
(62:36 / All) hay: KILL BLUE
(62:41 / All) hay: WORLD WIND
(62:55 / Allies) LadyGagaIsDaMan: kill purple first
(63:00 / Allies) LadyGagaIsDaMan: then we'll kill blue
(63:10 / All) hay: GO KILL BLUE
(63:14 / All) hay: WE ARE GONNA LEAVE
(63:20 / All) hay: WHY WASTING TIME???
(63:22 / All) hay: KILL BLUE
(63:25 / All) hay: WE WILL LEAVE
(63:29 / All) LadyGagaIsDaMan: why not kill your own stuff faggot?
(63:31 / Allies) tunga15: blue
(63:35 / Allies) LadyGagaIsDaMan: kill purple
(63:42 / All) hay: HE DIDNT ALLOW ME TO
(63:49 / All) hay: HE IDDNT LEAVE ME MY ACCOLTE
(64:15 / All) hay: GREEN
(64:18 / All) hay: HES AIMMING YOU
(64:19 / All) hay: :P
(64:32 / All) tunga15: done w/ this game
(64:38 / All) ShutltDOWN: LOL
(64:44 / All) hay: same pink you go play with blue
(64:47 / All) hay: 2 hours game
(64:51 / All) hay: 2 HOURS GAME
(64:52 / All) LadyGagaIsDaMan: lol
(64:54 / All) hay: ITS 3 am
(64:55 / All) hay: GG
(65:02 / All) LadyGagaIsDaMan: he wouldn't fucking listen
(65:10 / All) ShutltDOWN: that asshole kept attacking the tker
(65:13 / All) ShutltDOWN: who was helping him
(65:16 / All) LadyGagaIsDaMan: yeah
(65:24 / All) LadyGagaIsDaMan: if we killed you then purple and yellow would have tried ot win against us
(68:15 / All) LadyGagaIsDaMan: ring ring ring banana phone
(68:20 / All) LadyGagaIsDaMan: banana phone, banana phone!
(69:31 / All) ShutltDOWN: purp still controlling his towers lol
(69:33 / All) ShutltDOWN: in denial that he lost
(69:53 / All) ShutltDOWN: "yeah, and you soon bitch"
(69:54 / All) ShutltDOWN: LMAO
(69:57 / All) ShutltDOWN: that's the intention
(69:58 / All) ShutltDOWN: I am 0-0
(70:56 / All) ShutltDOWN: Pink and I were in this together idiot
(70:59 / All) ShutltDOWN: Purple isn't very smart
(71:12 / All) LadyGagaIsDaMan: lol
(71:34 / All) LadyGagaIsDaMan: purple gotta strong late cuz I didn't attack his expos thinking they were yours
(71:36 / All) LadyGagaIsDaMan: on the top our side
(71:47 / All) LadyGagaIsDaMan: since he was bottom human
(73:48 / All) ShutltDOWN: I think I just moved a zepp so far out the map I can't select it
(73:51 / All) ShutltDOWN: won't let me no matter how hard I try
(73:54 / All) ShutltDOWN: it just has a shredderi n it
(74:05 / All) LadyGagaIsDaMan: use delete key
(74:07 / All) LadyGagaIsDaMan: and turn the view
(74:16 / All) ShutltDOWN: I forgot that even existed
(74:19 / All) LadyGagaIsDaMan: lawl
(74:36 / All) ShutltDOWN: I think that's the 1 time I've ever used the delete key not by mistake
(74:51 / All) LadyGagaIsDaMan: It can be really useful
(75:25 / All) LadyGagaIsDaMan: He's got peasants everywhere lol
(75:35 / All) ShutltDOWN: lol teal still trying to rebuild a tree
(75:42 / All) ShutltDOWN: anything to say for yourselves?
(75:46 / All) ShutltDOWN: teal, purple?
(75:49 / All) ShutltDOWN: LOL
(75:54 / All) ShutltDOWN: if you say so purple LOL
(76:16 / All) ShutltDOWN: I know where that is purp I just placed it
(76:19 / All) LadyGagaIsDaMan: I thoughht there was 4
(76:21 / All) LadyGagaIsDaMan: pandas
(76:21 / All) ShutltDOWN: any last gems for me?
(76:24 / All) LadyGagaIsDaMan: for elements
(76:25 / All) ShutltDOWN: say something funny
(76:28 / All) LadyGagaIsDaMan: what happened to the 4th
(76:29 / All) ShutltDOWN: before I end it for good
(76:47 / All) ShutltDOWN: say something else first
(76:54 / All) ShutltDOWN: say something else funny, some last words of wisdom
(77:00 / All) ShutltDOWN: good one teal
(77:03 / All) ShutltDOWN: you are a poet of our age
(77:10 / All) LadyGagaIsDaMan: am I wrong, did they nerf panada ult
(77:12 / All) ShutltDOWN: are those your final words?
(77:17 / All) ShutltDOWN: I think it was always 3
(77:24 / All) LadyGagaIsDaMan: heh
(77:28 / All) ShutltDOWN: lol
(77:32 / All) LadyGagaIsDaMan: nice zep